 Dungeon Crawl Stone Soup version 0.29.0-11-gd7f09526c8 (webtiles) character file.

Game seed: 14822079630000197526

19619 doricub5 the Warrior (level 12, -4/124 HPs)
             Began as a Minotaur Fighter on Sept 2, 2022.
             Was the Champion of Okawaru.
             Killed from afar by Jorgrun (8 damage)
             ... with an iron shot
             ... while petrified by Jorgrun
             ... on level 1 of the Orcish Mines.
             The game lasted 01:16:55 (13910 turns).

doricub5 the Warrior (Minotaur Fighter)            Turns: 13910, Time: 01:16:56

Health: -4/124     AC: 34    Str: 25    XL:     12   Next: 38%
Magic:  12/17      EV: -1    Int:  5    God:    Okawaru [******]
Gold:   183        SH:  0    Dex: 11    Spells: 11/11 levels left

rFire   . . .      SeeInvis .   I - +1 triple sword (vorpal)
rCold   . . .      Faith    +   (shield currently unavailable)
rNeg    + + +      Spirit   .   i - +2 plate armour
rPois   ∞          Reflect  .   (helmet unavailable)
rElec   .          Harm     .   K - +0 cloak {Stlth+}
rCorr   .          Rampage  .   O - +0 pair of gloves
Will    +....                   E - +1 pair of boots
Stlth   ..........              V - amulet of faith
HPRegen 0.30/turn               g - +4 ring of protection
MPRegen 0.15/turn               G - +4 ring of protection

@: petrified, heroic, finesse-ful, grasped by roots, constricted, studying Long
Blades
A: horns 3, retaliatory headbutt, strong-willed 1, evolution 1, subdued magic 1
a: Renounce Religion, Heroism, Finesse, Duel


You were on level 1 of the Orcish Mines.
You worshipped Okawaru.
Okawaru was exalted by your worship.
You visited 3 branches of the dungeon, and saw 13 of its levels.
You also visited: Bailey.

You collected 1236 gold pieces.
You spent 1053 gold pieces at shops.

Inventory:

Hand Weapons
 d - a +1 whip of holy wrath
 l - the +1 trident of the Ancient Blessings {elec, rF+ rC- Int+2 Stlth+}
   (You bought it in a shop on level 6 of the Dungeon)

   It occasionally discharges a powerful burst of electricity upon striking a
   foe.
   Int:       It affects your intelligence (+2).
   rF:        It protects you from fire.
   rC:        It makes you vulnerable to cold.
   Stlth:     It makes you more stealthy.
 z - a +0 vampiric long sword
 I - a +1 vorpal triple sword (weapon)
Missiles
 Q - 2 silver javelins (quivered)
 T - 3 atropa-tipped darts
Armour
 c - a +0 buckler
 i - a +2 plate armour (worn)
 E - a +1 pair of boots (worn)
 K - a +0 cloak of stealth (worn)
 O - a +0 pair of gloves (worn)
Jewellery
 g - a +4 ring of protection (left hand)
 y - a ring of flight
 B - a ring of resist corrosion
 G - a +4 ring of protection (right hand)
 J - a +6 ring of dexterity
 V - an amulet of faith (around neck)
Wands
 a - a wand of polymorph (10)
 u - a wand of flame (45)
 C - a wand of iceblast (10)
 N - a wand of acid (5)
Scrolls
 f - a scroll of enchant weapon {unknown}
 h - 2 scrolls of immolation {unknown}
 j - a scroll of poison
 k - 3 scrolls of vulnerability
 n - 2 scrolls of magic mapping {unknown}
 p - a scroll of torment
 q - 3 scrolls of amnesia
 A - 3 scrolls of teleportation
 D - a scroll of silence {unknown}
 F - a scroll of summoning {unknown}
 H - 3 scrolls of fog
 L - a scroll of brand weapon {unknown}
Potions
 b - 4 potions of mutation
 e - 4 potions of curing
 m - a potion of lignification {unknown}
 r - a potion of attraction
 s - a potion of haste {unknown}
 t - 4 potions of flight
 v - a potion of experience {unknown}
 w - 3 potions of resistance
 x - 3 potions of magic
 M - a potion of might
 R - a potion of brilliance {unknown}
 S - a potion of invisibility {unknown}
Miscellaneous
 P - a phial of floods (inert)


   Skills:
 * Level 16.5(21.5) Fighting
 + Level 12.2(17.2) Long Blades
 - Level 2.4(7.4) Polearms
 + Level 12.2(17.2) Armour
 - Level 4.5(9.5) Shields
 + Level 8.4 Invocations


You had 11 spell levels left.
You didn't know any spells.
Your spell library contained the following spells:

 Spells                   Type           Power      Damage    Failure   Level
 Shock                    Conj/Air       0%         1d3       97%         1
 Blink                    Tloc           0%         N/A       99%         2
 Sublimation of Blood     Necr           0%         N/A       99%         2
 Wereblood                Tmut           0%         N/A       99%         2
 Inner Flame              Hex/Fire       0%         N/A       100%        3
 Lesser Beckoning         Tloc           0%         N/A       100%        3
 Portal Projectile        Hex/Tloc       0%         N/A       100%        3
 Stone Arrow              Conj/Erth      0%         3d7       100%        3
 Swiftness                Air            0%         N/A       100%        3
 Airstrike                Air            0%         2d(0-16)  100%        4
 Cause Fear               Hex            0%         N/A       100%        4
 Hailstorm                Conj/Ice       0%         3d3       100%        4
 Ice Form                 Ice/Tmut       0%         N/A       100%        4
 Blade Hands              Tmut           0%         N/A       100%        5
 Manifold Assault         Tloc           0%         N/A       100%        5
 Discord                  Hex            0%         N/A       100%        8
 Lehudib's Crystal Spear  Conj/Erth      0%         10d2      100%        8
 Summon Small Mammal      Summ           Unusable   N/A       N/A         1
 Call Canine Familiar     Summ           Unusable   N/A       N/A         3
 Summon Guardian Golem    Hex/Summ       Unusable   N/A       N/A         3
 Tukima's Dance           Hex            Unusable   N/A       N/A         3
 Animate Armour           Summ/Erth      Unusable   N/A       N/A         4
 Simulacrum               Ice/Necr       Unusable   N/A       N/A         6
 Summon Hydra             Summ           Unusable   N/A       N/A         7

Dungeon Overview and Level Annotations

Branches:
Dungeon (10/15)            Temple (1/1) D:5            Lair (0/5) D:9
    Orc (2/2) D:10         Bailey (visited)
    Elf: Orc:2

Altars:
Ashenzari
Cheibriados
Dithmenos
Elyvilon
Fedhas
Gozag
Hepliaklqana
Kikubaaqudgha
Makhleb
Nemelex Xobeh
Okawaru
Qazlal
Ru
Sif Muna
Trog
Uskayaw
Vehumet
Wu Jian
Xom
Yredelemnul
Zin
The Shining One

Shops:
D:3 (   D:4 ?   D:6 =*(   D:7 (   D:10 (**=

Annotations:
D:4 31ghost to kill
D:10 exclusion: statue
Orc:1 Jorgrun


Innate Abilities, Weirdness & Mutations

You have a pair of large horns on your head.
You reflexively headbutt those who attack you in melee.
You are strong-willed. (Will+)
You have hidden genetic potential.
Your spells are a little easier to cast, but a little less powerful.


Message History

The orc hits you but does no damage.
You barely miss Jorgrun.
Jorgrun is moderately wounded.
You closely miss Jorgrun.
Jorgrun is moderately wounded.
The orc hits you but does no damage. Jorgrun gestures at you while chanting.
The iron shot hits you!
* * * LOW HITPOINT WARNING * * *
Your limbs are stiffening.
You slash Jorgrun!
Jorgrun is heavily wounded.
Jorgrun hits you but does no damage. The orc hits you but does no damage.
You slice Jorgrun!! You headbutt Jorgrun, but do no damage.
Jorgrun is severely wounded.
You have turned to stone.
The orc hits you but does no damage. Jorgrun hits you but does no damage.
The orc hits you but does no damage.
Jorgrun points at you and mumbles some strange words.
Roots burst forth from the earth!
The grasping roots grab you! The grasping roots constrict you.
The orc hits you but does no damage. Jorgrun casts a spell at you.
You easily resist.
The grasping roots constrict you. The orc hits you but does no damage.
Jorgrun hits you but does no damage. The grasping roots constrict you!
* * * LOW HITPOINT WARNING * * *
The orc hits you but does no damage. Jorgrun hits you but does no damage.
The grasping roots constrict you!
* * * LOW HITPOINT WARNING * * *
The orc hits you but does no damage. Jorgrun hits you with a staff of earth.
* * * LOW HITPOINT WARNING * * *
Jorgrun shatters you!!
* * * LOW HITPOINT WARNING * * *
The grasping roots constrict you. The orc hits you but does no damage.
Jorgrun casts a spell at you. The iron shot hits you!
You die...

...##### #####.## ####.##
..#....## #######.#....####.....#
##......###..#.#....>..##.#..#.##
#......##.#.....#......#........#
........#......##................
...#.......#.#..#................
..####....####......###.....###..
...####..######g)(.##......#####.
....##....#.#..$@).#........#.#..
....##......#..)o$.##.......#....
##.....#.......##)...............
....^.###.....#####....##......##
......###.......#......####......
.##.#[#.........#.......#.####.##
######......##......##.....######
##...#####....###....#.##
#.....##.....)###.......#


You could see Jorgrun and an orc.

Vanquished Creatures
  A stone giant (Orc:2)
  4 two-headed ogres
  An orc knight (Orc:1)
  An orc sorcerer (Orc:2)
  A cyclops (D:9)
  Maurice (D:8)
  A kobold demonologist (D:10)
  5 trolls
  A hornet (D:8)
  The ghost of Adrian566 the Sneak, an amateur DsBr (D:4)
  Sigmund (D:5)
  A vampire (D:7)
  2 wraiths
  16 yaks
  5 humans (D:10)
  3 spriggans (Bailey)
  Menkaure (D:6)
  6 vampire mosquitoes
  3 steam dragons
  2 wargs (Orc:1)
  Edmund (D:5)
  4 water moccasins
  An ice beast (D:6)
  A sky beast (D:7)
  17 orc warriors
  13 ogres
  4 centaurs
  A phantom (D:5)
  A kobold brigand (D:6)
  2 bullfrogs
  2 gnoll sergeants
  5 scorpions
  2 necrophages (D:6)
  18 wights
  5 killer bees
  A howler monkey (D:6)
  5 jellies
  Crazy Yiuf (D:6)
  2 gnoll boudas (D:7)
  15 orc priests
  5 hounds
  3 iguanas
  18 orc wizards
  Natasha (thrice) (D:3)
  12 gnolls
  5 adders
  3 white imps
  An ufetubus (D:6)
  A worm (D:3)
  3 dart slugs
  76 orcs
  5 ball pythons
  8 bats
  7 endoplasms
  3 giant cockroaches
  6 goblins
  8 hobgoblins
  3 quokkas
  4 frilled lizards
  5 kobolds
  5 rats
342 creatures vanquished.

Vanquished Creatures (others)
  Psyche (D:8)
  An orc wizard (Orc:2)
2 creatures vanquished.

Grand Total: 344 creatures vanquished

Notes
Turn   | Place    | Note
-------+----------+-------------------------------------------
     0 | D:1      | doricub5 the Minotaur Fighter began the quest for the Orb.
     0 | D:1      | Reached XP level 1. HP: 19/19 MP: 0/0
   190 | D:1      | Reached skill level 4 in Fighting
   190 | D:1      | Reached XP level 2. HP: 27/27 MP: 1/1
   587 | D:1      | Reached XP level 3. HP: 34/34 MP: 2/2
   717 | D:2      | Identified the +0 robe of Qoqautze {Str+4 Dex-2}
   807 | D:2      | Reached skill level 5 in Fighting
   807 | D:2      | Reached XP level 4. HP: 33/42 MP: 3/3
  1058 | D:2      | Found a faded altar of an unknown god.
  1146 | D:3      | Found a hazy altar of Hepliaklqana.
  1179 | D:3      | Noticed Natasha
  1183 | D:3      | Killed Natasha
  1191 | D:3      | Found Zoddud's Weapon Emporium.
  1428 | D:3      | You fall into a shaft and drop 2 floors!
  1428 | D:5      | Entered Level 5 of the Dungeon
  1486 | D:3      | Noticed Natasha
  1495 | D:3      | Killed Natasha
  1570 | D:3      | Noticed Natasha
  1577 | D:3      | Reached XP level 5. HP: 46/49 MP: 4/4
  1577 | D:3      | Killed Natasha
  1736 | D:3      | Found a shimmering blue altar of Sif Muna.
  1969 | D:4      | Reached skill level 6 in Fighting
  1969 | D:4      | Reached skill level 5 in Armour
  2215 | D:4      | Found a runed translucent gate.
  2215 | D:4      | Found a runed translucent gate.
  2215 | D:4      | Found a runed translucent gate.
  2216 | D:4      | Noticed Adrian566's ghost (amateur DsBr)
  2382 | D:4      | Found Hegi's Magic Scroll Boutique.
  2385 | D:4      | Bought a scroll of identify for 20 gold pieces
  2385 | D:4      | Bought a scroll of identify for 20 gold pieces
  2385 | D:4      | Bought a scroll of identify for 20 gold pieces
  2632 | D:5      | Noticed an orc warrior
  2636 | D:5      | Killed an orc warrior
  2637 | D:5      | Reached skill level 1 in Long Blades
  2637 | D:5      | Reached XP level 6. HP: 42/58 MP: 5/5
  2774 | D:5      | Noticed Edmund
  2795 | D:5      | Killed Edmund
  2796 | D:5      | Reached skill level 7 in Fighting
  2874 | D:5      | Reached XP level 7. HP: 52/66 MP: 6/6
  3252 | D:5      | Noticed Sigmund
  3257 | D:5      | Killed Sigmund
  3258 | D:5      | Reached skill level 8 in Fighting
  3383 | D:5      | Reached XP level 8. HP: 46/77 MP: 7/7
  3582 | D:5      | Reached skill level 9 in Fighting
  3663 | D:5      | Found a staircase to the Ecumenical Temple.
  3670 | Temple   | Entered the Ecumenical Temple
  3752 | Temple   | Became a worshipper of Warmaster Okawaru
  3997 | D:4      | Killed Adrian566's ghost
  3998 | D:4      | Reached skill level 1 in Invocations
  4400 | D:6      | Reached skill level 5 in Long Blades
  4449 | D:6      | Reached * piety under Okawaru
  4700 | D:6      | Reached skill level 10 in Fighting
  4749 | D:6      | Found Zuobagh's Jewellery Boutique.
  5099 | D:6      | Reached XP level 9. HP: 66/86 MP: 8/10
  5104 | D:6      | Found a sacrificial altar of Ru.
  5306 | D:6      | Reached ** piety under Okawaru
  5405 | D:6      | Found a runed translucent door.
  5406 | D:6      | Noticed Crazy Yiuf
  5413 | D:6      | Killed Crazy Yiuf
  5485 | D:6      | Found Afoul's Assorted Antiques.
  5517 | D:6      | Noticed Menkaure
  5518 | D:6      | Reached skill level 11 in Fighting
  5526 | D:6      | Killed Menkaure
  5606 | D:6      | Found Xuyvosekk's Antique Weapon Boutique.
  6003 | D:6      | Bought an encrusted trident for 229 gold pieces
  6003 | D:6      | Identified the +1 trident of the Ancient Blessings {elec,
                  | rF+ rC- Int+2 Stlth+} (You bought it in a shop on level 6
                  | of the Dungeon)
  6335 | D:7      | Reached *** piety under Okawaru
  6491 | D:7      | Found Ucrifront's Antique Weapon Shoppe.
  6709 | D:7      | Reached skill level 12 in Fighting
  6830 | D:7      | Reached XP level 10. HP: 87/97 MP: 12/12
  7337 | D:8      | Reached skill level 5 in Invocations
  7380 | D:8      | Found a radiant altar of Vehumet.
  7500 | D:8      | Reached **** piety under Okawaru
  7500 | D:8      | Received a gift from Okawaru
  7565 | D:8      | Noticed Psyche
  7571 | D:8      | Killed Psyche
  7785 | D:8      | Reached skill level 13 in Fighting
  7824 | D:8      | Reached skill level 10 in Armour
  8302 | D:8      | Found a blossoming altar of Fedhas.
  8303 | D:8      | Noticed Maurice
  8326 | D:8      | Killed Maurice
  9048 | D:9      | Noticed a cyclops
  9072 | D:9      | Killed a cyclops
  9073 | D:9      | Reached skill level 14 in Fighting
  9173 | D:9      | Reached ***** piety under Okawaru
  9522 | D:9      | Reached XP level 11. HP: 82/110 MP: 14/14
  9662 | D:9      | Found a stormy altar of Qazlal.
  9738 | D:9      | Found a staircase to the Lair.
  9792 | D:9      | Gained mutation: You have a pair of large horns on your
                  | head. [potion of mutation]
  9792 | D:9      | Gained mutation: Your spells are a little easier to cast,
                  | but a little less powerful. [potion of mutation]
  9792 | D:9      | Gained mutation: You have hidden genetic potential. [potion
                  | of mutation]
 10025 | D:10     | Entered Level 10 of the Dungeon
 10079 | D:10     | Found a glowing golden altar of the Shining One.
 10227 | D:10     | Found Juyss's Demolitions Depot.
 10244 | D:10     | Found a hide-covered altar of Uskayaw.
 10290 | D:10     | Found Lulu's Jewellery Shop.
 10388 | D:10     | Found a radiant altar of Vehumet.
 10462 | D:10     | Found a blossoming altar of Fedhas.
 10471 | D:10     | Found Biececul's General Store.
 10520 | D:10     | Reached skill level 15 in Fighting
 10586 | D:10     | Reached skill level 10 in Long Blades
 10595 | D:10     | Found a flagged portal.
 10618 | Bailey   | Entered a bailey
 10718 | Bailey   | Noticed a two-headed ogre
 10725 | Bailey   | Killed a two-headed ogre
 10725 | Bailey   | Received a gift from Okawaru
 10897 | D:10     | Found Miwn's Antique Weapon Shoppe.
 10903 | D:10     | Bought a glowing triple sword for 364 gold pieces
 10982 | D:10     | Found a staircase to the Orcish Mines.
 11181 | D:10     | Found a basalt altar of Yredelemnul.
 11466 | Orc:1    | Entered Level 1 of the Orcish Mines
 11514 | Orc:1    | Reached ****** piety under Okawaru
 11854 | Orc:1    | Found a shimmering altar of Xom.
 11858 | Orc:1    | Noticed an orc knight
 11889 | Orc:1    | Killed an orc knight
 11889 | Orc:1    | Received a gift from Okawaru
 12194 | Orc:2    | Entered Level 2 of the Orcish Mines
 12198 | Orc:2    | Reached XP level 12. HP: 122/122 MP: 16/16
 12251 | Orc:2    | Noticed a two-headed ogre
 12257 | Orc:2    | Gained mutation: You are strong-willed. (Will+) [hidden
                  | potential]
 12474 | Orc:1    | Killed a two-headed ogre
 12474 | Orc:1    | Identified the +10 chain mail of Itunubu {Rampage *Corrode
                  | Str+4 SInv} (Okawaru gifted it to you on level 1 of the
                  | Orcish Mines)
 12474 | Orc:1    | Received a gift from Okawaru
 12583 | D:6      | Bought an amulet of faith for 400 gold pieces
 12830 | Orc:2    | Reached skill level 16 in Fighting
 12949 | Orc:2    | Noticed a two-headed ogre
 12962 | Orc:2    | Killed a two-headed ogre
 13055 | Orc:2    | Noticed a two-headed ogre
 13055 | Orc:2    | Noticed a stone giant
 13401 | Orc:2    | Killed a stone giant
 13423 | Orc:2    | Noticed a two-headed ogre
 13438 | Orc:2    | Killed a two-headed ogre
 13670 | Orc:2    | Noticed Jorgrun
 13896 | Orc:1    | HP: 6/124 [orc/+0 dagger (3)]
 13909 | Orc:1    | HP: 4/124 [Jorgrun/staff of earth (9)]
 13910 | Orc:1    | Killed from afar by Jorgrun

Illustrated notes

Levels and vault maps discovered:
D:1:      amcnicky_arrival_wind_blow, layout_basic
D:2:      layout_rooms, hellmonk_ecumenical_altar_crossroads
D:3:      layout_loops_ring, nicolae_sif_muna_little_library,
          lemuel_doored_altar, serial_shops, shop_fountains, uniq_natasha
D:4:      layout_cave_pools, gammafunk_ghost_split, serial_shops,
          nicolae_shop_behind_doors, nrook_loot_triangle
D:5:      wander_river, layout_cave_pools, minmay_temple_entry_drinking_statues,
          uniq_edmund, uniq_sigmund
D:6:      layout_rooms, serial_shops, nicolae_inconvenience_store,
          nicolae_diamond_shop, nicolae_shop_stone, minmay_ruined_shrine,
          uniq_crazy_yiuf_cottage, uniq_menkaure
D:7:      layout_gridville, serial_shops, nicolae_shop_advertising_works
          [nicolae_subvault_shop_adworks], minmay_manual_macuahuitl
D:8:      layout_loops_cross, hangedman_feature_mirror,
          kennysheep_generic_room_5, uniq_psyche, uniq_maurice
D:9:      layout_long_grid, mainiacjoe_overflow_small_starburst,
          lair_entry_dummy, minmay_misc_feat_doors
D:10:     layout_long_grid, mainiacjoe_overflow_alcove_2, vehumet_statue,
          mainiacjoe_overflow_six_doors_small, fedhas_altar_1,
          mainiacjoe_overflow_boulevard, hiddenorc2_lemuel, enter_bailey_3,
          serial_shops, shop_fountains, kennysheep_little_box, shop,
          minmay_fountain_box, nicolae_blasting_shop, minmay_ruffians
Temple:   nicolae_temple_superstar
Orc:1:    layout_diamond_mine, basic_altar
Orc:2:    st_orc_open, layout_diamond_mine, uniq_jorgrun

Skill      XL: |  1  2  3  4  5  6  7  8  9 10 11 12 |
---------------+-------------------------------------+-----
Fighting       | 4 5 6 7 8 10 12 14 15 16 | 16.5
Armour         | 4 5 6 7 9 10 11 12 | 12.2
Shields        | 4 |  4.5
Long Blades    | 1 2 4 5 6 8 11 12 | 12.2
Invocations    | 2 4 6 7 8 |  8.4
Polearms       | |  2.4

Action                   |  1- 3 |  4- 6 |  7- 9 | 10-12 || total
-------------------------+-------+-------+-------+-------++-------
Melee: Trident           |    90 |    83 |    78 |   210 ||   461
       Headbutt          |     6 |    15 |    52 |   147 ||   220
       Long sword        |       |    30 |   227 |   280 ||   537
       Unarmed           |       |       |    10 |       ||    10
       Triple sword      |       |       |       |   166 ||   166
Invok: Heroism           |       |       |     1 |     6 ||     7
       Finesse           |       |       |       |     1 ||     1
Evoke: Wand              |       |       |    18 |     9 ||    27
       Phial of floods   |       |       |       |     1 ||     1
  Use: Scroll            |       |    10 |     5 |     4 ||    19
       Potion            |       |     1 |     3 |     4 ||     8
Armor: Scale mail        |    31 |    48 |       |       ||    79
       Plate armour      |       |    12 |   289 |   609 ||   910
       Skin              |       |       |     1 |       ||     1
       Chain mail        |       |       |       |     7 ||     7
Dodge: Dodged            |    37 |    46 |   119 |   251 ||   453
Block: Buckler           |    14 |    21 |    88 |   131 ||   254
